Cogmind - Beta 16 @@@ ROGUE MODE // 2025.12.29 @ 20:14:54 Player: Bity Result: Destroyed by G-47 Trooper with Particle Gun Performance ------------- Evolutions (2) 1000 Regions Visited (5) 1000 Robots Destroyed (54) 270 Value Destroyed (2049) 2049 Prototype IDs (5) 100 Alien Tech Used (0) 0 Bonus (1471) 1471 TOTAL SCORE: 5890 Bonus ------- High Alert Combat Kills 238 Follower Combat Kills 33 Entered Garrisons 200 Used RIF Installer 1000 Cogmind --------- Core Integrity 0/550 Matter 280/300 Energy 292/300 System Corruption 0% Temperature Cool (13) Movement Walking (120) Location -8/Materials Parts ------- > --- POWER (1) -------- Enhanced Nuclear Core > --- PROPULSION (4) --- Improved Carbon-fiber Leg Improved Carbon-fiber Leg Improved Carbon-fiber Leg Improved Carbon-fiber Leg > --- UTILITY (4) ------ High-capacity Storage Unit Advanced Weight Redist. System Signal Interpreter Hardened Light Armor Plating > --- WEAPON (2) ------- Improved Assault Rifle Improved Assault Rifle > --- INVENTORY (20) --- Light Nuclear Core Improved Deuterium Engine Improved Deuterium Engine Enhanced Nuclear Core Enhanced Nuclear Core Aerolev Unit Huge Storage Unit Advanced Visual Processing Unit Armor Integrity Analyzer Relay Coupler [NC] (28) Relay Coupler [Swarmer] (29) Improved Field Recycling Unit (0) Improved Assault Rifle Improved Assault Rifle High-powered Shotgun Assault Cannon Mini Grenade Launcher Improved Datajack Great Axe Peak State ------------ > --- POWER ------------ Enhanced Nuclear Core > --- PROPULSION ------- Improved Carbon-fiber Leg Improved Carbon-fiber Leg Improved Carbon-fiber Leg Improved Carbon-fiber Leg > --- UTILITY ---------- High-capacity Storage Unit Advanced Weight Redist. System Signal Interpreter Relay Coupler [Sentry] > --- WEAPON ----------- Improved Assault Rifle Improved Datajack > --- INVENTORY -------- Improved Deuterium Engine Improved Deuterium Engine Enhanced Nuclear Core Enhanced Nuclear Core Aerolev Unit Advanced Visual Processing Unit Armor Integrity Analyzer Hardened Light Armor Plating Relay Coupler [NC] Relay Coupler [Swarmer] Improved Field Recycling Unit Medium Laser Improved Assault Rifle Improved Assault Rifle Improved Assault Rifle Improved Assault Rifle High-powered Shotgun Assault Cannon Mini Grenade Launcher Great Axe [Rating: 42] Favorites ----------- Power Enhanced Nuclear Core Engine Light Ion Engine Power Core Enhanced Nuclear Core Propulsion Improved Carbon-fiber Leg Treads Light Treads Leg Improved Carbon-fiber Leg Wheel Wheel Hover Unit Aerolev Unit Utility High-capacity Storage Unit Device Advanced Weight Redist. System Storage High-capacity Storage Unit Processor Signal Interpreter Hackware Relay Coupler [Sentry] Protection Hardened Light Armor Plating Weapon Improved Assault Rifle Energy Gun Medium Laser Ballistic Gun Improved Assault Rifle Ballistic Cannon Assault Cannon Launcher Mini Grenade Launcher Impact Weapon Hammer Special Melee Weapon Improved Datajack Build | -11 -10 -9 -8 -8 -8 ------- Run | Yrd Mat Mat Mat Gar Mat Slots Evolved 4 | . . 2 2 . . Power . | . . . . . . Propulsion 2 | . . 2 . . . Utility 2 | . . . 2 . . Weapon . | . . . . . . Parts Attached 46 | 1 . 12 16 16 1 Power 3 | . . 1 2 . . Engine 2 | . . 1 1 . . Core 1 | . . . 1 . . Reactor . | . . . . . . Propulsion 20 | . . 3 8 9 . Treads 3 | . . . 2 1 . Leg 13 | . . 1 4 8 . Wheel 3 | . . 2 1 . . Hover 1 | . . . 1 . . Flight . | . . . . . . Utility 9 | 1 . 2 3 2 1 Device 3 | 1 . . 1 1 . Storage 2 | . . 2 . . . Processor 2 | . . . 2 . . Hackware 1 | . . . . . 1 Protection 1 | . . . . 1 . Artifact . | . . . . . . Weapon 14 | . . 6 3 5 . Energy Gun . | . . . . . . Energy Cannon . | . . . . . . Ballistic Gun 10 | . . 5 2 3 . Ballistic Cannon 1 | . . . 1 . . Launcher 1 | . . . . 1 . Special Weapon . | . . . . . . Impact Weapon 1 | . . 1 . . . Slashing Weapon . | . . . . . . Piercing Weapon . | . . . . . . Special Melee Weapon 1 | . . . . 1 . Unidentified Prototypes 2 | . . 1 1 . . Parts Lost 13 | . . . 7 5 1 Power 2 | . . . 2 . . Propulsion 9 | . . . 5 4 . Utility 1 | . . . . 1 . Weapon 1 | . . . . . 1 Highest Loss Streak 3 | . . . 3 2 1 To Critical Strikes . | . . . . . . Average Backups 16 | 7 8 11 16 19 19 Power 2 | 1 2 2 2 3 4 Propulsion 1 | 4 4 2 1 1 1 Utility 4 | . . 2 4 5 6 Weapon 7 | 1 1 4 8 9 7 Tool/Special . | . . . . . . Unused Backups 29 | 7 1 . 2 6 13 Power 10 | 1 . . 1 3 5 Propulsion 4 | 3 1 . . . . Utility 9 | 1 . . 1 2 5 Weapon 6 | 2 . . . 1 3 Tool/Special . | . . . . . . Average Slot Usage (%) 96 | . 100 94 96 95 100 Engine 2 | . 14 10 2 . . Core 6 | . . . 4 9 9 Treads 5 | . . . 13 2 . Leg 25 | . 28 22 19 29 36 Wheel 2 | . . 16 1 . . Device 11 | . 14 11 9 12 9 Storage 9 | . 14 11 9 9 9 Processor 12 | . . . 17 12 9 Ballistic Gun 14 | . 14 18 12 13 15 Ballistic Cannon 2 | . . . 4 2 . Peak Build Rating 42 | 7 7 15 35 40 42 Average Rating 26 | 6 7 12 22 34 40 On Entrance 17 | 6 7 7 15 32 40 Avg Prop Armor Cover (%) 11 | . . 13 11 8 . Naked Turns . | . . . . . . Heaviest Build 60 | 13 13 50 57 60 59 Greatest Support 81 | 20 20 20 54 81 81 Greatest Overweight (x) 4 | . . 4 4 1 . Average Overweight (x) . | . . 1 1 . . Largest Inventory Capacity 20 | 8 8 20 20 20 20 Average Capacity 18 | 8 8 17 20 20 20 Most Carried 20 | 8 8 17 20 20 20 Average Carried 16 | 7 7 12 16 19 19 Final Capacity 20 | 8 8 20 20 20 20 Final Carried 20 | 8 8 17 19 20 19 Class Distribution -------------------- 50% | Mutant 49% | Scavenger-Mutant Dominant Class ---------------- Mutant | -10/Materials Mutant | -9/Materials Mutant | -8/Materials Scavenger-Mutant | -8/Garrison Scavenger-Mutant | -8/Materials Resources | -11 -10 -9 -8 -8 -8 ----------- Run | Yrd Mat Mat Mat Gar Mat Matter Collected 1798 | 252 . 215 499 738 94 Remotely . | . . . . . . Salvage Created 1870 | 133 . 196 522 877 142 Parts 110 | 11 . 17 25 52 5 Haulers Intercepted 3 | . . 1 2 . . Recyclers Shooed . | . . . . . . Parts Field Recycled . | . . . . . . Retrieved Matter . | . . . . . . Parts Self-Destructed . | . . . . . . Prevented . | . . . . . . Parts Restored . | . . . . . . Kills | -11 -10 -9 -8 -8 -8 ------- Run | Yrd Mat Mat Mat Gar Mat Combat Hostiles Destroyed 45 | . . 7 8 27 3 Melee 1 | . . . 1 . . Guns 33 | . . 7 4 19 3 Cannons 8 | . . . 3 5 . AOE 3 | . . . . 3 . Classes Destroyed 9 | 2 . 3 4 . . Tunneler 4 | 4 . . . . . Hauler 3 | . . 1 2 . . Recycler 1 | 1 . . . . . Watcher 1 | . . . 1 . . Swarmer 17 | . . 6 . 11 . Grunt 14 | . . 1 2 8 3 Sentry 5 | . . . 1 4 . Specialist 7 | . . . 4 3 . Hunter 2 | . . . 1 1 . Best Kill Streak 6 | 2 . 6 2 5 3 Combat Bots Only 6 | . . 6 2 5 3 Max Kills in Single Turn 2 | 1 . 1 1 2 1 Gunslinging . | . . . . . . Exploded 2 | . . . . 2 . Melee 1 | . . . 1 . . Uniques/NPCs Destroyed . | . . . . . . Combat | -11 -10 -9 -8 -8 -8 -------- Run | Yrd Mat Mat Mat Gar Mat Hostile Shots Fired 281 | . 3 31 94 119 34 Missed 70 | . 1 7 24 25 13 Hits 211 | . 2 24 70 94 21 Projectile 211 | . 2 24 70 94 21 Critical Strikes 7 | . . . 3 2 2 Damage Taken 3015 | . 14 222 1114 1348 317 Core 593 | . . 41 211 294 47 Absorbed by Shields . | . . . . . . Regen/Repaired (Parts) 39 | . . . 39 . . Core Remaining (%) 96 | 100 100 89 . . . Volleys Fired 156 | 14 . 16 40 74 12 Largest 2 | 2 . 2 2 2 2 Hottest 70 | 70 . 46 60 67 46 Shots Fired 303 | 28 . 32 78 142 23 Gun 252 | 28 . 32 63 106 23 Cannon 42 | . . . 15 27 . Launcher 9 | . . . . 9 . Special . | . . . . . . Kinetic 280 | 14 . 32 78 133 23 Thermal 14 | 14 . . . . . Explosive 9 | . . . . 9 . Electromagnetic . | . . . . . . Robot Hit Streak 15 | 8 . 15 15 15 4 Robot Miss Streak 4 | 3 . 2 3 4 2 Penetration Max . | . . . . . . Secondary Targets 4 | . . 1 1 2 . Max Gunslinging Chain 1 | . . 1 1 1 . Shots Hit Robots 224 | 21 . 24 64 99 16 Core Hits 88 | 6 . 10 19 47 6 Critical Kills . | . . . . . . Critical Parts Destroyed 4 | 1 . . . 3 . Critical Strikes 6 | 2 . . . 4 . Burn 1 | 1 . . . . . Destroy 4 | 1 . . . 3 . Blast 1 | . . . . 1 . Melee Attacks 14 | . . 2 11 . 1 Impact 13 | . . 2 11 . . Slashing . | . . . . . . Piercing . | . . . . . . Sneak Attacks . | . . . . . . Combat Hostiles . | . . . . . . Follow-up Attacks . | . . . . . . Damage Inflicted 3727 | 267 . 365 1101 1789 205 Guns 2834 | 267 . 365 702 1295 205 Cannons 568 | . . . 242 326 . Explosions 168 | . . . . 168 . Melee 157 | . . . 157 . . Ramming . | . . . . . . Kinetic 3289 | 154 . 365 944 1621 205 Thermal 113 | 113 . . . . . Explosive 168 | . . . . 168 . Electromagnetic . | . . . . . . Impact 157 | . . . 157 . . Slashing . | . . . . . . Piercing . | . . . . . . Highest Corruption 1 | . . 1 . . . Average Corruption 1 | . . 1 . . . Corruption Purged . | . . . . . . Corruption Blocked . | . . . . . . Effects 4 | . . 4 . . . Matter Fused 1 | . . 1 . . . Heat Flow Errors 1 | . . 1 . . . Energy Discharges 1 | . . 1 . . . Data Loss (minor) 1 | . . 1 . . . Overload Shots . | . . . . . . Overflow Damage 32 | . . . 26 6 . Projectiles 8 | . . . 5 3 . Explosions 3 | . . . . 3 . Melee 21 | . . . 21 . . Knockbacks 5 | . . . 3 2 . Impact . | . . . . . . Kinetic 5 | . . . 3 2 . Secondary . | . . . . . . Self-Inflicted Damage 84 | . . . . 84 . Shots 2 | . . . . 2 . Rammed . | . . . . . . Targets Rammed . | . . . . . . Kicked . | . . . . . . Crushed . | . . . . . . Highest Temperature 247 | 36 . 247 16 27 31 Average Temperature 21 | 13 . 119 10 7 14 Received Heat Transfer 927 | . . 54 279 396 198 Siege Activations . | . . . . . . Martial Activations . | . . . . . . Shielding Activations . | . . . . . . Robots Disrupted . | . . . . . . Combat Hostiles . | . . . . . . Robots Corrupted . | . . . . . . Combat Hostiles . | . . . . . . Parts Fried . | . . . . . . Impact Corruptions 1 | . . . 1 . . Robots Melted . | . . . . . . Combat Hostiles . | . . . . . . Parts Melted 1 | 1 . . . . . Heat Transferred 407 | 407 . . . . . Parts Sabotaged . | . . . . . . Parts Stolen . | . . . . . . Parts Stripped . | . . . . . . Power Chain Reactions . | . . . . . . Alert | -11 -10 -9 -8 -8 -8 ------- Run | Yrd Mat Mat Mat Gar Mat Maximum Alert Level 3 | . . . . 3 2 Low Security (%) 52 | 100 100 100 100 9 . Level 1 18 | . . . . 36 41 Level 2 17 | . . . . 30 58 Level 3 10 | . . . . 24 . Level 4 . | . . . . . . Level 5 . | . . . . . . High Security . | . . . . . . Max Security . | . . . . . . Peak Influence 895 | 10 4 144 52 895 436 Initial 436 | . . . 52 8 436 Average 242 | 1 . 29 12 468 403 Influence Increases 1542 | 25 4 211 255 977 70 Destroy 0b10 Robot/C 920 | . . 140 160 560 60 Destroy 0b10 Robot/NC 45 | 25 . 5 15 . . Destroy Leader 118 | . . 22 56 30 10 Allied During Kill 14 | . . . . 14 . Successful Hack 58 | . 4 29 4 21 . Disable Machine 15 | . . 15 . . . Anti-Garrison Action 250 | . . . . 250 . Destroy Structure 62 | . . . 5 57 . Lose Combat Pursuer 60 | . . . 15 45 . Influence Decreases 1166 | 25 4 87 366 95 589 Entered New Map 536 | . . . 72 5 459 Time Decay 450 | 25 4 87 234 . 100 Lost Part 120 | . . . 60 50 10 Lost Ally 60 | . . . . 40 20 Squads Dispatched 6 | . . 1 3 . 2 Investigation 3 | . . 1 1 . 1 Extermination . | . . . . . . Reinforcement 3 | . . . 2 . 1 Assault . | . . . . . . Garrison . | . . . . . . Intercept . | . . . . . . Searches Triggered . | . . . . . . Construction Impeded . | . . . . . . Haulers Reinforced . | . . . . . . Active Scanning Responses . | . . . . . . Cargo Convoy Interrupts . | . . . . . . Stealth | -11 -10 -9 -8 -8 -8 --------- Run | Yrd Mat Mat Mat Gar Mat Distress Signals 3 | . . 1 1 . 1 Communications Jammed . | . . . . . . Distress Signals . | . . . . . . Times Spotted 66 | . 3 9 14 29 11 Peak Tracking Total 6 | . 3 4 4 6 5 Tactical Retreats 3 | . . . 1 2 . Traps | -11 -10 -9 -8 -8 -8 ------- Run | Yrd Mat Mat Mat Gar Mat Traps Triggered 9 | . . 3 1 4 1 Indirectly . | . . . . . . Trap Hack Attempts 11 | . . . . 11 . Triggered . | . . . . . . Disarmed 2 | . . . . 2 . Reprogrammed . | . . . . . . Reused . | . . . . . . Traps Extracted . | . . . . . . Installed . | . . . . . . Triggered . | . . . . . . Machines | -11 -10 -9 -8 -8 -8 ---------- Run | Yrd Mat Mat Mat Gar Mat Machines Disabled 4 | . . 1 . 3 . Max in Single Turn 1 | . . 1 . 1 . Garrison Relay 1 | . . . . 1 . Phase Generator 1 | . . . . 1 . Machines Repaired . | . . . . . . Machines Dismantled . | . . . . . . Machines Sabotaged . | . . . . . . Overloaded Fab Kills . | . . . . . . Hacking | -11 -10 -9 -8 -8 -8 --------- Run | Yrd Mat Mat Mat Gar Mat Machines Accessed 16 | . 2 3 7 3 1 Terminals 11 | . 2 2 3 3 1 Fabricators . | . . . . . . Repair Stations 1 | . . . 1 . . Recycling Units 1 | . . . 1 . . Scanalyzers 2 | . . 1 1 . . Garrison Access 1 | . . . 1 . . Total Hacks 51 | . 6 10 27 4 4 Successful 31 | . 3 8 16 3 1 Failed 19 | . 3 1 11 1 3 Catastrophic 2 | . . . 1 1 . Database Lockouts 1 | . . 1 . . . Manual 20 | . 3 3 10 . 4 Terminals 36 | . 6 6 16 4 4 Fabricators . | . . . . . . Repair Stations 2 | . . . 2 . . Recycling Units 1 | . . . 1 . . Scanalyzers 11 | . . 4 7 . . Garrison Access 1 | . . . 1 . . Terminal Hacks 9 | . 1 3 2 3 . Prototype ID Bank 1 | . . . 1 . . Open Door 1 | . . . . 1 . Emergency Access Points 3 | . 1 1 . 1 . Hauler Manifests 1 | . . 1 . . . Zone Layout 2 | . . 1 1 . . Patrol Navigation 1 | . . . . 1 . Fabricator Hacks . | . . . . . . Repair Station Hacks 2 | . . . 2 . . Scan Component 1 | . . . 1 . . Repair 1 | . . . 1 . . Recycling Unit Hacks 1 | . . . 1 . . Report Inventory 1 | . . . 1 . . Scanalyzer 10 | . . 3 7 . . Insert Component 1 | . . . 1 . . Analyze 1 | . . . 1 . . Retrieve Study 8 | . . 3 5 . . Garrison Access Hacks 1 | . . . 1 . . Unlock Access 1 | . . . 1 . . Unauthorized Hacks 8 | . 2 2 3 . 1 Terminals 8 | . 2 2 3 . 1 Botnet 7 | . 2 2 2 . 1 Operators 1 | . . . 1 . . Fabricators . | . . . . . . Repair Stations . | . . . . . . Recycling Units . | . . . . . . Scanalyzers . | . . . . . . Garrison Access . | . . . . . . Data Cores Recovered . | . . . . . . Used . | . . . . . . Hacking Detections 11 | . 2 2 4 2 1 Full Trace Events 3 | . . 1 1 1 . Feedback Events 1 | . . 1 . . . Corruption 1 | . . 1 . . . Feedback Blocked . | . . . . . . Robot Schematics Acquired . | . . . . . . Robots Built . | . . . . . . Authchips . | . . . . . . Time . | . . . . . . Total Robot Build Rating . | . . . . . . Part Schematics Acquired 1 | . . . 1 . . Parts Built . | . . . . . . Authchips . | . . . . . . Time . | . . . . . . Total Part Build Rating . | . . . . . . Part Studies Acquired 8 | . . 3 5 . . Parts Repaired 1 | . . . 1 . . Time 53 | . . . 53 . . Parts Recycled . | . . . . . . Recycled Matter . | . . . . . . Retrieved Matter . | . . . . . . Retrieved Components . | . . . . . . Parts Scanalyzed 1 | . . . 1 . . Part Schematics Acquired 1 | . . . 1 . . Parts Damaged . | . . . . . . Bothacking | -11 -10 -9 -8 -8 -8 ------------ Run | Yrd Mat Mat Mat Gar Mat Used RIF Installer 2 | . . . . 2 . Program Shield 1 | . . . . 1 . Robots Hacked 1 | . . . . . 1 Non-combat . | . . . . . . Combat 1 | . . . . . 1 Robot Hacks Applied 1 | . . . . . 1 formatsys_high 1 | . . . . . 1 Relay Couplers Released 3 | . . . . 3 . Machine Destruction 3 | . . . . 3 . Attached 1 | . . . . . 1 Fabnet Peak Effective % . | . . . . . . Robots Rewired . | . . . . . . Allies Hacked . | . . . . . . Hacks Repelled . | . . . . . . Allies | -11 -10 -9 -8 -8 -8 -------- Run | Yrd Mat Mat Mat Gar Mat Total Allies 3 | . . . . 2 1 Largest Group 2 | . . . . 2 1 Highest-Rated Group 40 | . . . . 40 15 Highest-Rated Ally 20 | . . . . 20 15 Total Orders 1 | . . . . . 1 FOLLOW 1 | . . . . . 1 Ally Attacks 9 | . . . . 7 2 Total Damage 221 | . . . . 167 54 Kills 1 | . . . . 1 . Allies Corrupted . | . . . . . . Allies Melted . | . . . . . . Intel | -11 -10 -9 -8 -8 -8 ------- Run | Yrd Mat Mat Mat Gar Mat Active Infowar (turns) 2229 | 43 191 333 1005 657 . Seismic 1166 | 43 191 333 599 . . T.N.C. 1661 | . . . 1004 657 . Robot Analysis Total . | . . . . . . Derelict Logs Recovered . | . . . . . . Drone Launches . | . . . . . . Drone Recoveries . | . . . . . . Exploration | -11 -10 -9 -8 -8 -8 ------------- Run | Yrd Mat Mat Mat Gar Mat Turns Passed 3475 | 165 191 333 1005 1579 202 Spaces Moved 1687 | 92 154 220 383 716 122 Core . | . . . . . . Treads 83 | . . . 83 . . Legs 1391 | 92 154 53 254 716 122 Wheels 213 | . . 167 46 . . Hover . | . . . . . . Flight . | . . . . . . Fastest Speed 100 | 120 120 100 100 100 120 Average Speed 143 | 120 120 107 191 141 120 Slowest Speed 385 | 120 120 385 252 181 120 Overloaded Moves . | . . . . . . Propulsion Burnouts . | . . . . . . Robots Hopped . | . . . . . . Potential Cave-ins . | . . . . . . Cave-ins Triggered . | . . . . . . Exploration Rate (%) 28 | 5 33 21 26 69 15 Regions Visited 5 Branch Regions . Pre-discovered Areas . | . . . . . . Known Exits Taken 1 | . . . 1 . . Unknown Exits Taken 3 | 1 1 1 . . . Scrap Searched . | . . . . . . Spaces Dug 1 | . . . 1 . . Terrain Destroyed 115 | . . . 4 111 . Melee 1 | . . . 1 . . Projectile 3 | . . . 3 . . AOE 111 | . . . . 111 . Terrain Rammed . | . . . . . . Walls Destroyed . | . . . . . . Machines Disabled . | . . . . . . Actions | -11 -10 -9 -8 -8 -8 --------- Run | Yrd Mat Mat Mat Gar Mat Total 2414 | 118 160 274 560 1148 154 Wait 400 | 8 5 11 83 283 10 Move 1682 | 91 153 219 382 715 122 Hop . | . . . . . . Pick Up 40 | 3 1 8 15 11 2 Fast Attach 14 | 1 . 6 2 5 . Attach 11 | . . 2 7 1 1 Detach 1 | . . . . 1 . Swap 41 | . . 9 12 16 4 Drop 28 | 1 1 1 8 16 1 Fire 156 | 14 . 16 40 74 12 Melee 14 | . . 2 11 . 1 Ram . | . . . . . . Kick . | . . . . . . Crush . | . . . . . . Escape Stasis 15 | . . . . 15 . Rewire 1 | . . . . . 1 Trap 11 | . . . . 11 . Miscellaneous . | . . . . . . Route ------- -11/Scrapyard -10/Materials (discovered 2 exits: *Mat / [*Min]) -9/Materials (discovered 2 exits: *Mat / [*Min]) -8/Materials (discovered 2 exits: *Fac / Gar) -8/Garrison (discovered 3 exits: *Mat x3) -8/Materials History --------- Turn | Location | Event 1 | -11/Scrapyard | Discovered new exit (range 3) 166 | -11/Scrapyard | Entered Materials 275 | -10/Materials | Discovered new exit (range 16) 304 | -10/Materials | Build established: Mutant 354 | -10/Materials | Discovered new exit (range 3) 357 | -10/Materials | Entered another Materials area 357 | -9/Materials | Evolved 2 slots: Propulsion x2 405 | -9/Materials | Central database locked down 518 | -9/Materials | Discovered new exit (range 9) 598 | -9/Materials | Discovered new exit (range 13) 690 | -9/Materials | Entered another Materials area 690 | -8/Materials | Evolved 2 slots: Utility x2 794 | -8/Materials | Lost 3 parts (1p2n) 1438 | -8/Materials | Repaired Corrupted Carbon-fiber Leg 1676 | -8/Materials | Discovered new exit (range 3) 1681 | -8/Materials | Identified exit to Factory 1694 | -8/Materials | Identified exit to Garrison 1695 | -8/Materials | Entered Garrison 1731 | -8/Garrison | Rescued a captive Derelict 1732 | -8/Garrison | Rescued a captive Derelict 1898 | -8/Garrison | Core integrity fell below 50% 1917 | -8/Garrison | Build established: Scavenger-Mutant 2130 | -8/Garrison | Installed Relay Interface Framework 2187 | -8/Garrison | Phase Generator disabled 2429 | -8/Garrison | Triggered checkpoint 2668 | -8/Garrison | Discovered new exit (range 14) 2839 | -8/Garrison | Discovered new exit (range 13) 2862 | -8/Garrison | Triggered checkpoint 2877 | -8/Garrison | Core integrity fell below 20% 2909 | -8/Garrison | Discovered new exit (range 5) 3017 | -8/Garrison | Triggered checkpoint 3119 | -8/Garrison | Expanded RIF knowledge: Program Shield 3186 | -8/Garrison | Garrison Relay disabled 3273 | -8/Garrison | Identified exit to Materials 3274 | -8/Garrison | Entered Materials 3476 | -8/Materials | Destroyed by G-47 Trooper with Particle Gun Last Messages --------------- 03399_ Acquired 43 matter. 03405_ Critical hit (Burn: +37). 03411_ Imp. Assault Rifle destroyed. 03411_ G-47 Trooper destroyed. 03416_ Acquired Lgt. Nuclear Core. 03417_ Acquired 51 matter. 03427_ K-01 Serf collects debris. 03432_ R-06 Scavenger collects Aluminum Leg+. 03433_ K-01 Serf collects debris. 03450_ K-01 Serf cleans the Matter Pump. 03452_ W-25 Informer sends out distress signal. 03454_ C-30 ARC bursts open, deploying its payload. 03454_ H-55 Commando unfolds itself. 03454_ Penetrated by Slug. 03455_ Triggered Alarm Trap. 03455_ An alarm sounds. 03455_ ALERT: Alarm triggered, dispatching investigation squad. 03456_ K-01 Serf collects debris. Map ----- +----------------------------------------------------+ | ?????????????????????????????????????????????????? | | ?????????????????????????????????????????????????? | | ?????????????????????????????????????????????????? | | ?????????????????????????????????????????????????? | | ?????????????????????????????????????????????????? | | ?????????????????????????????????????????????????? | | ?????????????????????????????????????????????????? | | ?????????????????????????????????????????????????? | | ?????????????????????????????????????????????????? | | ?????????????????????????????????????????????????? | | ?????????????????????????????????????????????????? | | ?????????????????????????????????????????????????? | | ?????????????????????????????????????????????????? | | ?????????????????????????????????????????????????? | | ?????????????????????????????????????????????????? | | ?????????????????????????????????????????????????? | | ?????????????????????????????????????????????????? | | ???????????????#?????????????????????????????????? | | ??????????????## #####???????????????????????????? | | ??????????????# g ??????????????????????????? | | ??????????????+ ??????????????????????????? | | ??????????????# g ?############????????????? | | ??????????????# [# ! !!= #????????????? | | ??????????????# # !!= #????????????? | | ??????????????# # """ !!= #????????????? | | ??????????????#k @ """ #????????????? | | ???????????# # """ #????????????? | | ???????????# """ # ! #????????????? | | ???????????# a """ ####+#######????????????? | | ???????????# "%" """ #?# #???###????????????? | | ???????????# " #?# #?? #????????????? | | ???????????+ #?# #?? #????????????? | | ???????????# #?# #? " #????????????? | | ???????????# ] #?# #?""" #????????????? | | ???????????# ### # "" #????????????? | | ???????????# !!! # """ #????????????? | | ???????????# !! + "" #????????????? | | ???????????# !! # """ #????????????? | | ????????????? ### ###+####### """ #????????????? | | ????????????????# # #??""" #????????????? | | ????????????? ### # """ / #?? " #????????????? | | ???????????? # # """ #??? #????????????? | | ???????#### # + """ #???####????????????? | | ???????# # # #???????????????????? | | ???????# ## # # """ #???????????????????? | | ???????# #??? # # """ #???????????????????? | | ???????# #?????## # """ #???????????????????? | | ???????# #??????# # #???????????????????? | | ???????# #??????# ######+###???????????????????? | | ???????# #??????# #????? #?????????????????????? | +----------------------------------------------------+ Best States ------------- Heat Dissipation 31 Energy Generation 17 Energy Capacity 300 Matter Stores 300 Matter Capacity 300 Sight Range 16 Terrain Scan Density 10 Additional Mass Support 9 Armor Coverage 150 Evasion (%) 55 Recoil Reduction 2 Kinecelleration 30 Relay Coupler Types 1 Relay Coupler Value 5 Item Schematics ----------------- Aerolev Unit | -8/Materials | Scanalyzed Robot Schematics ------------------ None Fabricated ------------ Nothing Repaired ---------- Carbon-fiber Leg | 64% | -8/Materials | Corrupted Studied --------- Aluminum Leg | -9/Materials | Hacked Assault Rifle | -9/Materials | Hacked Wheel | -9/Materials | Hacked Carbon-fiber Leg | -8/Materials | Hacked Assault Cannon | -8/Materials | Hacked Lgt. Treads | -8/Materials | Hacked Lgt. Ion Engine | -8/Materials | Hacked VSS Leg | -8/Materials | Hacked Alien Tech Used ----------------- None Achievements -------------- Assimilation Complete Challenges ------------ None Game ------ Seed RiotCompactSpiker Manual? 0 Play Time 00:30:12 Cumulative 49.1 hours Start 2025.12.29 @ 19:47:01 End 2025.12.29 @ 20:14:54 Sessions 1 Manual Loads 0 Difficulty Rogue Special Mode None Game No. 66 Rogue 66 Adventurer 0 Explorer 0 Win Type - Total 1 Types 1/0/0/0/0/0/0/0/0/0 Lore% 38 Gallery% 44 Achievement% 35 Wizard Run 0 Options --------- Layout 2 ASCII 0 Keyboard 1 Movement Numpad Keybinds 0 Fullscreen 2 Font 24/Smallcaps Map View 50x44 Zoom Use 0% Tactical HUD 1 Map Filters NONE Filters NONE Steam 1 RUN: 96532a45-f093-4dec-8902-6974a3a79620